Map: Ley Lines

Players

llllllllllll - Winner!

  • Race: Protoss Protoss
  • League: Diamond
  • Spawn Location: 7:00

lllllllllll

  • Race: Zerg Zerg
  • Spawn Location: 1:00

VOD

Have the link to the VOD?

Description

Time

  • Played on: April 25, 2025, 6:58 a.m.
  • Length: 5:45
Show
View Real Time Build Order
Export as new Build Order

llllllllllll Protoss - Winner!

Build Orders: 1 Gate Expand 

Get SALT Encoding   

  12  0:00  Probe  
  13  0:12  Probe  
  14  0:19  Pylon  
  14  0:24  Probe  
  15  0:34  Probe  
  15  0:42  Probe  
  16  0:44  Gateway  
  16  0:49  Assimilator  
  17  0:52  Probe  
  18  1:04  Probe  
  19  1:16  Probe  
  20  1:28  Nexus  
  20  1:39  Cybernetics Core  
  20  1:44  Assimilator, Probe  
  21  1:52  Probe  
  21  1:53  Pylon  
  21  2:00  Probe  
  22  2:05  Adept  
  23  2:12  Probe  
  26  2:19  Stargate  
  26  2:24  Probe  
  26  2:27  Warp Gate  
  27  2:36  Probe x2  
  29  2:44  Probe  
  29  2:48  Probe  
  29  2:51  Pylon  
  31  2:54  Probe  
  32  3:00  Probe  
  32  3:01  Void Ray  
  37  3:07  Probe  
  37  3:12  Probe  
  39  3:17  Twilight Council  
  40  3:20  Probe  
  40  3:24  Probe  
  41  3:29  Charge  
  41  3:32  Probe  
  42  3:36  Probe  
  47  3:45  Void Ray  
  47  3:48  Probe  
  47  3:49  Probe  
  49  3:59  Gateway  
  49  4:00  Gateway  
  49  4:05  Pylon  
  49  4:08  Gateway  
  49  4:10  Gateway  
  49  4:19  Gateway x2  
  49  4:27  Gateway  
  53  4:41  Void Ray, Pylon  
  53  4:42  Pylon  
  53  4:55  Zealot x3  
  59  5:06  Zealot x2  
  63  5:17  Zealot x4  
  63  5:18  Zealot  
  73  5:26  Zealot  
  75  5:33  Zealot x2  
  71  5:40  Zealot  
  71  5:41  Zealot x2  
Show
View Real Time Build Order
Export as new Build Order

lllllllllll Zerg 

Build Orders: Hatch First 

Get SALT Encoding   

  12  0:02  Drone  
  13  0:12  Overlord  
  13  0:17  Drone  
  14  0:30  Drone x2  
  16  0:46  Hatchery  
  15  0:50  Drone  
  15  0:54  Drone  
  17  0:59  Drone  
  18  1:09  Extractor  
  17  1:13  Spawning Pool  
  17  1:17  Drone  
  17  1:18  Drone  
  18  1:28  Drone  
  19  1:39  Drone  
  20  1:49  Overlord  
  20  2:00  Queen x2  
  20  2:01  Drone x2  
  26  2:16  Metabolic Boost  
  26  2:26  Hatchery  
  26  2:28  Hatchery  
  25  2:34  Drone  
  25  2:35  Drone x2  
  28  2:43  Queen  
  30  2:48  Overlord  
  30  2:57  Drone  
  30  2:58  Drone x2  
  33  3:04  Overlord  
  33  3:15  Drone x2  
  33  3:16  Drone  
  33  3:17  Drone x3  
  39  3:20  Queen  
  41  3:28  Drone x2  
  41  3:31  Spore Crawler  
  41  3:33  Drone  
  41  3:34  Evolution Chamber  
  42  3:35  Drone  
  42  3:40  Spore Crawler  
  42  3:41  Zergling x2  
  43  3:42  Zergling x2  
  43  3:48  Queen  
  44  3:55  Drone  
  47  3:59  Queen  
  49  4:03  Drone  
  49  4:04  Overlord  
  49  4:08  Overlord  
  50  4:16  Spore Crawler  
  50  4:17  Drone  
  50  4:27  Overlord  
  50  4:31  Drone  
  50  4:32  Drone x8  
  59  4:41  Overlord  
  59  4:48  Drone x2  
  59  4:49  Drone x3  
  59  4:50  Drone  
  59  4:51  Drone  
  66  5:01  Extractor  
  66  5:03  Roach Warren  
  64  5:07  Zergling x2  
  64  5:08  Zergling x14  
  64  5:12  Spine Crawler  
  64  5:13  Spine Crawler  
  70  5:20  Zergling x2  
  70  5:21  Zergling x10  
Tags
 
Add a new tag
Caveats
  • Supply blocks, unpowered buildings, or Contaminate may cause inaccurate times.
  • Supply counts are checked every 10 seconds.